[Event "Team 45 45 League T43"]
[Site "Internet Chess Club"]
[Date "2009.12.05"]
[Round "6"]
[White "mmf00"]
[Black "farbror"]
[Result "1-0"]
[WhiteElo "1422"]
[BlackElo "1236"]
[Opening "French: advance, Paulsen attack"]
[ECO "C02"]
[Time "16:00:39"]
[TimeControl "2700+45"]

1. e4 e6 2. d4 d5 3. e5 c5 4. c3 Nc6 5. Nf3 Be7 6. Be2 Qb6 7. b3 Bd7 8. Bb2 f6
9. exf6 Nxf6 10. Na3 O-O 11. O-O Qc7 12. Nc2 Bd6 13. h3 Rae8 14. c4 dxc4 15.
Bxc4 cxd4 16. Ncxd4 Nxd4 17. Qxd4 b5 18. Be2 Qc5 19. Qxc5 Bxc5 20. Rac1 Bb6 21.
Bd4 Bxd4 22. Nxd4 e5 23. Nxb5 Bxb5 24. Bxb5 Rc8 25. Rxc8 Rxc8 26. Bc4+ Kf8 27.
Re1 Re8 28. Kf1 e4 29. Ke2 Ke7 30. f3 exf3+ 31. Kxf3+ Kd6 32. Rxe8 Nxe8 33. Ke4
Kc5 34. a3 Nd6+ 35. Kd3 Nxc4 36. bxc4 h6 37. h4 g6 38. g4 h5 39. g5 a6 40. Kc3
a5 41. a4 Kc6 42. Kd4 Kd6 43. c5+ Kc6 44. Kc4 Kc7 45. Kb5 Kb7 46. Kxa5 Kc6 47.
Kb4 Kc7 48. Kb5 Kb7 49. c6+ Kc7 50. a5 Kc8 51. Kb6 Kb8 52. c7+ Kc8 53. a6 {Black
resigns} 1-0

[Event "Team 45 45 League T43"]
[Site "Internet Chess Club"]
[Date "2009.12.07"]
[Round "6"]
[White "Ianjo"]
[Black "chess9397"]
[Result "1-0"]
[WhiteElo "1949"]
[BlackElo "1837"]
[Opening "English: symmetrical, Botvinnik system"]
[ECO "A36"]
[Time "21:31:45"]
[TimeControl "2700+45"]

1. g3 g6 2. Bg2 Bg7 3. c4 c5 4. Nc3 Nc6 5. e4 e5 6. Nge2 Nge7 7. O-O d6 8. h3
O-O 9. d3 h6 10. Be3 Nd4 11. Qd2 Kh7 12. f4 exf4 13. Nxf4 Rb8 14. Rf2 Nec6 15.
Raf1 b5 16. Ncd5 bxc4 17. dxc4 Rxb2 18. Qxb2 Nf3+ 19. Bxf3 Bxb2 20. Rxb2 g5 21.
Nh5 Bxh3 22. Ndf6+ Kh8 23. Rd1 Ne5 24. Be2 Be6 25. Bxc5 Bxc4 26. Bxd6 Bxe2 27.
Rxe2 Qb6+ 28. Kg2 Qb5 29. Red2 Ng6 30. Bxf8 Nxf8 31. Rd8 Qe2+ 32. Kh3 g4+ 33.
Kh4 Qh2+ 34. Kxg4 Qe2+ 35. Kh3 Qxh5+ 36. Nxh5 {Black resigns} 1-0

[Event "Team 45 45 League T43"]
[Site "Internet Chess Club"]
[Date "2009.12.07"]
[Round "6"]
[White "cityprosecutor"]
[Black "jpoblano"]
[Result "1-0"]
[WhiteElo "1761"]
[BlackElo "1701"]
[Opening "Sicilian defense"]
[ECO "B20"]
[Time "21:03:40"]
[TimeControl "2700+45"]

1. e4 c5 2. d3 Nc6 3. g3 g6 4. Bg2 Bg7 5. Nf3 d6 6. c3 Nf6 7. O-O O-O 8. Re1 Ne8
9. d4 cxd4 10. cxd4 Qb6 11. e5 dxe5 12. dxe5 Nc7 13. Nc3 e6 14. Qe2 Qa6 15. Qe4
Qa5 16. a3 Qc5 17. Be3 Qe7 18. b4 Rd8 19. Bc5 Qe8 20. Qc4 a6 21. Bd6 Nd5 22. Ne4
Bd7 23. Nc5 b5 24. Qc2 Rdc8 25. Rac1 Nce7 26. Qe2 Bc6 27. Ne4 Nf5 28. Bc5 Qd7
29. Red1 Nfe7 30. Nd6 Rcb8 31. Ng5 f6 32. exf6 Bxf6 33. Nde4 Bg7 34. Bh3 Re8 35.
Bxe6+ Qxe6 36. Nxe6 Nf5 37. Nxg7 Kxg7 38. Qb2+ Kg8 39. Rxd5 Rxe4 40. Qb3 Kg7 41.
Qc3+ Kf7 42. Re5 Rc4 43. Qe1 Re8 44. Rxc4 bxc4 {Black resigns} 1-0

[Event "Team 45 45 League T43"]
[Site "Internet Chess Club"]
[Date "2009.12.08"]
[Round "6"]
[White "LuxAeterna"]
[Black "chess9793"]
[Result "0-1"]
[WhiteElo "1805"]
[BlackElo "1887"]
[Opening "Sicilian: accelerated fianchetto, exchange variation"]
[ECO "B34"]
[Time "19:00:10"]
[TimeControl "2700+45"]

1. e4 c5 2. Nf3 Nc6 3. d4 cxd4 4. Nxd4 g6 5. Nxc6 bxc6 6. Nc3 Bg7 7. Bc4 d6 8.
Be3 Rb8 9. Bb3 a5 10. Qf3 Nf6 11. e5 dxe5 12. Qxc6+ Bd7 13. Qc5 Rb5 14. Nxb5 O-O
15. O-O e4 16. Rad1 Qb8 17. Nc3 Ng4 18. g3 Nxe3 19. fxe3 Bg4 20. Rd2 Bf3 21.
Qxe7 Bxc3 22. bxc3 Qb6 23. Kf2 Qb5 24. Rb1 Qh5 25. h4 Qf5 26. Rf1 Qh3 27. Qg5
Kg7 28. Qe5+ Kg8 29. Rg1 Qh2+ 30. Kf1 Qxd2 31. Qb5 Rd8 32. g4 Qd1+ 33. Kf2 Rd2+
34. Kg3 Qxg1+ 35. Kf4 Qxg4+ 36. Ke5 Qf5# {White checkmated} 0-1

[Event "Team 45 45 League T43"]
[Site "Internet Chess Club"]
[Date "2009.12.06"]
[Round "6"]
[White "ChessicalZ"]
[Black "ElMarginal"]
[Result "0-1"]
[WhiteElo "1705"]
[BlackElo "1590"]
[Opening "English: symmetrical variation"]
[ECO "A30"]
[Time "19:01:29"]
[TimeControl "2700+45"]

1. c4 c5 2. g3 Nc6 3. Bg2 Nf6 4. Nc3 g6 5. e4 d6 6. Nge2 Bg7 7. O-O Ne5 8. d3
O-O 9. h3 Rb8 10. Be3 a6 11. f4 Nc6 12. Kh2 Bd7 13. f5 b5 14. Qd2 b4 15. Nd5
Nxd5 16. cxd5 Ne5 17. b3 Bb5 18. d4 Nd3 19. Bh6 cxd4 20. Bxg7 Kxg7 21. Nf4 Nxf4
22. Rxf4 g5 23. Qxd4+ f6 24. Rg4 h6 25. h4 Be2 26. e5 Bxg4 27. Qxg4 dxe5 28. Rc1
Qb6 29. Qh5 Rh8 30. Rc6 Qd8 31. Qg6+ Kf8 32. h5 Rb6 33. Re6 Rxe6 34. dxe6 Qe8
35. Bc6 Qxg6 36. hxg6 Kg7 37. Bd7 Rb8 38. Kg2 Rb6 39. Kf2 Rd6 40. Ke3 Rd1 41.
Ke2 Ra1 42. Kd3 Rxa2 43. Kc4 a5 44. Kc5 h5 45. Kb6 h4 46. gxh4 gxh4 47. Kc7 h3
48. Kd8 h2 49. Bc6 Kf8 50. g7+ Kxg7 51. Kxe7 Rd2 52. Ke8 a4 53. e7 a3 54. Bd7
h1=Q 55. Kd8 Qa8+ 56. Kc7 Qa7+ 57. Kc6 Qxd7+ 58. Kb6 {White resigns} 0-1

[Event "Team 45 45 League T43"]
[Site "Internet Chess Club"]
[Date "2009.12.08"]
[Round "6"]
[White "MOchess-boy"]
[Black "room-matt"]
[Result "0-1"]
[WhiteElo "1807"]
[BlackElo "1738"]
[Opening "Budapest defense"]
[ECO "A52"]
[Time "14:35:17"]
[TimeControl "2700+45"]

1. d4 Nf6 2. c4 e5 3. dxe5 Ng4 4. e3 Nxe5 5. Nc3 Bb4 6. Bd2 O-O 7. Nh3 d6 8. Nf4
Bf5 9. Be2 Nbc6 10. O-O a5 11. Nfd5 Re8 12. a3 Bxc3 13. Bxc3 Ne7 14. Nxe7+ Qxe7
15. b3 b6 16. f3 Ng6 17. Bd2 Qe5 18. Re1 Qc5 19. b4 Qc6 20. e4 Be6 21. Qc2 axb4
22. axb4 b5 23. Rxa8 Rxa8 24. Rc1 Qb6+ 25. c5 dxc5 26. Qxc5 Qxc5+ 27. bxc5 Ra2
28. Rd1 Bb3 29. Bg5 Bxd1 30. Bxd1 Ra1 {White resigns} 0-1

[Event "Team 45 45 League T43"]
[Site "Internet Chess Club"]
[Date "2009.12.05"]
[Round "6"]
[White "clarinetref"]
[Black "Kurukshetra"]
[Result "0-1"]
[WhiteElo "1521"]
[BlackElo "1687"]
[Opening "Philidor's defense"]
[ECO "C41"]
[Time "22:06:57"]
[TimeControl "2700+45"]

1. Nf3 d6 2. e4 e5 3. g3 Nf6 4. d3 Nc6 5. Bg2 g6 6. h3 Bg7 7. c3 h6 8. O-O O-O
9. Re1 Kh7 10. d4 exd4 11. cxd4 Re8 12. Nc3 Ng8 13. Bf4 Bd7 14. Qd2 Nce7 15. e5
dxe5 16. Nxe5 Qc8 17. Kh2 f5 18. Be3 c6 19. Rac1 Be6 20. Nd3 Nf6 21. Nf4 Bf7 22.
d5 g5 23. Nd3 Nfxd5 24. Nxd5 Nxd5 25. f4 Nxe3 26. Rxe3 Qd7 27. Rf3 Bd5 28. Nc5
Qf7 29. Ra3 b6 30. Nd3 Rad8 31. Bxd5 Rxd5 32. Qc2 c5 33. b4 cxb4 34. Nxb4 Rc5
35. Qd2 Rxc1 36. Qxc1 Re2+ 37. Kg1 Bb2 38. Qd1 Bxa3 39. Qxe2 Bxb4 40. Qb2 Bc5+
41. Kh2 Qg7 42. Qc2 Kg6 43. g4 Qf6 44. fxg5 hxg5 45. gxf5+ Qxf5 46. Qe2 Qf2+ 47.
Qxf2 Bxf2 {White resigns} 0-1

[Event "Team 45 45 League T43"]
[Site "Internet Chess Club"]
[Date "2009.12.05"]
[Round "6"]
[White "SlimeDog2"]
[Black "Gregorio"]
[Result "1/2-1/2"]
[WhiteElo "2178"]
[BlackElo "2097"]
[Opening "Réti opening"]
[ECO "A05"]
[Time "23:02:21"]
[TimeControl "2700+45"]

1. Nf3 Nf6 2. g3 b6 3. Bg2 Bb7 4. O-O c5 5. c4 e6 6. b3 Be7 7. Nc3 O-O 8. Bb2 d5
9. cxd5 Nxd5 10. Qc2 Bf6 11. a3 Nxc3 12. dxc3 Qc7 13. e4 Nc6 14. Bc1 Ne5 15. Be3
Rfd8 16. Rad1 Nxf3+ 17. Bxf3 Qe5 18. Rc1 Bg5 19. Bxg5 Qxg5 20. Rfd1 Rxd1+ 21.
Rxd1 Rd8 22. h4 Qe7 23. Rd3 Bc6 24. Qd1 Rxd3 25. Qxd3 Qd7 26. Qxd7 Bxd7 27. e5
f6 28. exf6 gxf6 29. Kf1 Kf7 30. Ke2 Ke7 31. Ke3 e5 32. Bd5 Kd6 33. Bg8 h6 34.
Ke4 f5+ 35. Ke3 Be6 36. Bxe6 Kxe6 37. c4 a5 38. f3 h5 39. Kf2 Kf6 40. Kg2 a4 41.
bxa4 e4 42. f4 Ke6 43. Kf2 Kf6 44. Ke3 Ke6 45. Kd2 Kf6 46. Kc3 Ke6 {Game drawn
by mutual agreement} 1/2-1/2

[Event "Team 45 45 League T43"]
[Site "Internet Chess Club"]
[Date "2009.12.05"]
[Round "6"]
[White "Phosphorus"]
[Black "Chessduke"]
[Result "1-0"]
[WhiteElo "1932"]
[BlackElo "2148"]
[Opening "English: Caro-Kann defensive system"]
[ECO "A11"]
[Time "12:12:17"]
[TimeControl "2700+45"]

1. c4 c6 2. Nf3 d5 3. e3 Nf6 4. Qc2 Bg4 5. h3 Bh5 6. b3 e6 7. Bb2 Nbd7 8. g4 Bg6
9. Bd3 Bd6 10. Nc3 dxc4 11. bxc4 Qc7 12. g5 Ng8 13. Bxg6 hxg6 14. Ne4 Bf8 15. c5
b6 16. cxb6 axb6 17. a4 Ne7 18. Nd4 Rc8 19. Rc1 Qb8 20. Ba3 c5 21. Nb5 Nc6 22.
Ke2 Be7 23. d4 Na7 24. Qb3 O-O 25. h4 Qa8 26. Nxa7 Qxa7 27. h5 c4 28. Qc3 Bxa3
29. Qxa3 Qa8 30. f3 e5 31. Qd6 Qxa4 32. h6 Qc6 33. Qxd7 Qxd7 34. hxg7 Rfd8 35.
Nf6+ Kxg7 36. Rh7+ Kf8 37. Nxd7+ Rxd7 38. Rh8+ {Black resigns} 1-0

[Event "Team 45 45 League T43"]
[Site "Internet Chess Club"]
[Date "2009.12.06"]
[Round "6"]
[White "crag"]
[Black "Matusalen"]
[Result "1-0"]
[WhiteElo "1903"]
[BlackElo "1999"]
[Opening "Caro-Kann: Panov-Botvinnik attack, 5...e6"]
[ECO "B14"]
[Time "07:17:49"]
[TimeControl "2700+45"]

1. e4 c6 2. d4 d5 3. exd5 cxd5 4. c4 Nf6 5. Nc3 e6 6. Nf3 Bb4 7. cxd5 Nxd5 8.
Qc2 Nc6 9. Bd3 Nf6 10. Be3 O-O 11. a3 Be7 12. O-O Re8 13. Rac1 h6 14. Rfd1 Nd5
15. Bh7+ Kh8 16. Ne5 Nxe5 17. dxe5 Qa5 18. Nxd5 exd5 19. Bf5 Be6 20. Bxe6 fxe6
21. Qg6 Bf8 22. Rc3 Qa4 23. Rdc1 d4 24. Rc4 Qb5 25. Bxd4 Rad8 26. Qg4 Qd5 27. a4
b6 28. Kh1 Rd7 29. f4 Red8 30. Bg1 Bc5 31. Bxc5 bxc5 32. h3 Qc6 33. a5 Rd5 34.
b4 Qa6 35. bxc5 Qc6 36. R1c3 Rd1+ 37. Kh2 R1d3 38. Qg6 Rxc3 39. Rxc3 Qa4 40. Rg3
Rg8 41. Qxe6 Qxf4 42. Qe7 a6 43. c6 h5 44. h4 Qf5 45. c7 g6 46. Rf3 Qe4 47. Rf7
g5 48. Qf6+ {Black resigns} 1-0

[Event "Team 45 45 League T43"]
[Site "Internet Chess Club"]
[Date "2009.12.05"]
[Round "6"]
[White "fledermaus"]
[Black "Zebbile"]
[Result "0-1"]
[WhiteElo "1991"]
[BlackElo "2012"]
[Opening "Caro-Kann: classical, Spassky variation"]
[ECO "B19"]
[Time "14:03:13"]
[TimeControl "2700+45"]

1. e4 c6 2. d4 d5 3. Nc3 dxe4 4. Nxe4 Bf5 5. Ng3 Bg6 6. h4 h6 7. Nf3 Nd7 8. h5
Bh7 9. Bd3 Bxd3 10. Qxd3 Qc7 11. Bd2 e6 12. Ne4 O-O-O 13. O-O-O Nc5 14. Nxc5
Bxc5 15. Qe2 Bd6 16. c4 Nf6 17. Bc3 Rhe8 18. Kb1 c5 19. Ne5 Bxe5 20. dxe5 Nd7
21. Rd6 Nb8 22. Rhd1 Nc6 23. Qe3 Ne7 24. g4 f5 25. f3 Rf8 26. a3 b6 27. R1d2
fxg4 28. fxg4 Qb7 29. Rxe6 Rxd2 30. Qxd2 Qe4+ 31. Ka1 Rf1+ 32. Ka2 Qxc4+ 33. b3
Qxe6 34. Qg2 Rd1 35. Qa8+ Kd7 36. Qxa7+ Ke8 37. Qa8+ Rd8 38. Qa4+ Kf7 {White
resigns} 0-1

[Event "Team 45 45 League T43"]
[Site "Internet Chess Club"]
[Date "2009.12.06"]
[Round "6"]
[White "Merciful"]
[Black "jonesey"]
[Result "1-0"]
[WhiteElo "2088"]
[BlackElo "1957"]
[Opening "Giuoco Pianissimo"]
[ECO "C55"]
[Time "10:13:32"]
[TimeControl "2700+45"]

1. e4 e5 2. Nf3 Nc6 3. Bc4 Nf6 4. d3 Bc5 5. c3 d6 6. O-O O-O 7. Bb3 Re8 8. Nbd2
Be6 9. Ng5 Bxb3 10. Qxb3 Qd7 11. Qxb7 Bb6 12. Qa6 Qg4 13. Nc4 h6 14. Nf3 Ne7 15.
a4 Ng6 16. a5 Bc5 17. Qc6 Nh5 18. h3 Qe6 19. b4 Ngf4 20. Bxf4 Nxf4 21. bxc5 Qg6
22. Ne3 Nxh3+ 23. Kh1 Nf4 24. Rab1 Rad8 25. Qxc7 dxc5 26. g3 Nxd3 27. Nd5 Qxe4
28. Ne7+ Kh7 29. Qc6 Nxf2+ 30. Kg2 Rxe7 31. Qxc5 Rd2 32. Qxe7 Ng4+ 33. Kh3 f5
34. Rb7 {Black resigns} 1-0

[Event "Team 45 45 League T43"]
[Site "Internet Chess Club"]
[Date "2009.12.04"]
[Round "6"]
[White "smitty120"]
[Black "cityprosecutor"]
[Result "1-0"]
[WhiteElo "1901"]
[BlackElo "1757"]
[Opening "Sicilian: dragon, Yugoslav attack"]
[ECO "B75"]
[Time "22:02:48"]
[TimeControl "2700+45"]

1. e4 c5 2. Nf3 d6 3. d4 cxd4 4. Nxd4 Nf6 5. Nc3 g6 6. Be3 Bg7 7. f3 Nc6 8. Qd2
Bd7 9. Bc4 Rc8 10. Bb3 Ne5 11. Bh6 Bxh6 12. Qxh6 Rxc3 13. bxc3 Qa5 14. Ne2 Bb5
15. Qe3 Nc4 16. Qd4 Nb6 17. Qb4 Qa6 18. Nd4 Bd7 19. a4 O-O 20. Nb5 Rc8 21. O-O
Ne8 22. Rfd1 Ng7 23. e5 d5 24. Bxd5 Nxd5 25. Rxd5 Qb6+ 26. Nd4 Qc7 27. Rd1 Be8
28. Nb5 Qb8 29. Qxe7 Ne6 30. Nd6 {Black resigns} 1-0

[Event "Team 45 45 League T43"]
[Site "Internet Chess Club"]
[Date "2009.12.06"]
[Round "6"]
[White "upsan"]
[Black "fishhead"]
[Result "0-1"]
[WhiteElo "1804"]
[BlackElo "1908"]
[Opening "Alekhine's defense: Scandinavian variation"]
[ECO "B02"]
[Time "19:00:13"]
[TimeControl "2700+45"]

1. e4 Nf6 2. Nc3 d5 3. e5 d4 4. exf6 dxc3 5. fxg7 cxd2+ 6. Qxd2 Qxd2+ 7. Bxd2
Bxg7 8. O-O-O Bf5 9. Bb5+ c6 10. Be2 Nd7 11. Be3 e5 12. Nf3 h5 13. Rhe1 Bh6 14.
Bxh6 Rxh6 15. Nh4 Be6 16. Bd3 O-O-O 17. Bf5 Kc7 18. Bxe6 Rxe6 19. Re2 Rf8 20.
Nf3 f5 21. Ng5 Re7 22. h4 Nb6 23. g3 e4 24. b3 Nd5 25. Kb2 b5 26. a3 a5 27. Red2
b4 28. axb4 axb4 29. Rd4 e3 30. fxe3 Rxe3 31. R1d3 Rfe8 32. Nf3 Kb6 33. Nd2 Rxd3
34. Rxd3 Re1 35. Nc4+ Kc5 36. Rf3 f4 37. gxf4 Nc3 38. Nd2 Rd1 39. Rd3 Rh1 40. f5
Rxh4 41. Rf3 Rg4 42. f6 Rg8 43. f7 Rf8 44. Nb1 Nd5 45. c4 Ne7 46. Nd2 Kd4 47.
Kc2 Ke5 48. Rh3 Rxf7 49. Rxh5+ Nf5 50. Kd3 Rd7+ 51. Kc2 c5 52. Kc1 Rd3 53. Kc2
Rc3+ 54. Kd1 Kf4 55. Rh8 Nd4 56. Rf8+ Ke3 57. Re8+ Kd3 58. Rd8 Rc2 59. Nf3 Ra2
60. Ke1 Ke3 {White resigns} 0-1

[Event "Team 45 45 League T43"]
[Site "Internet Chess Club"]
[Date "2009.12.09"]
[Round "6"]
[White "thefranman"]
[Black "OOB1"]
[Result "1-0"]
[WhiteElo "1514"]
[BlackElo "1546"]
[Opening "English: Sicilian reversed"]
[ECO "A25"]
[Time "22:06:35"]
[TimeControl "2700+45"]

1. c4 e5 2. Nc3 Nc6 3. e3 Nf6 4. d3 d5 5. cxd5 Nxd5 6. a3 Be6 7. Nf3 Bd6 8. Be2
a6 9. O-O O-O 10. Qc2 Nf6 11. b4 Bf5 12. Nh4 Be6 13. Bb2 Ne7 14. Na4 b6 15. Nf3
Ned5 16. Nxe5 Nd7 17. Nf3 c5 18. bxc5 Nxc5 19. Rac1 Nb3 20. Qxb3 b5 21. Qc2 bxa4
22. Qxa4 Qe7 23. Rc2 f6 24. Rfc1 Rfd8 25. Nd4 Bf7 26. Nc6 Qd7 27. Bg4 f5 28. Qd4
Nf6 29. Bh3 Re8 30. e4 Bg6 31. e5 Qe6 32. g3 Bxe5 33. Nxe5 Rad8 34. Qc4 Rd5 35.
Nxg6 hxg6 36. Bg2 Rd6 37. Qxe6+ Rexe6 38. Rc6 Ng4 39. h3 Ne5 40. Rxd6 Rxd6 41.
Bxe5 Rxd3 42. Rc7 Rd1+ 43. Kh2 Re1 44. Bxg7 Re2 45. Bd5+ Kh7 46. Bf8+ Kh8 47.
Bb4 Rxf2+ 48. Kg1 Re2 49. Ra7 Re3 50. Kg2 Rd3 51. Bc4 Re3 52. Bxa6 Re4 53. Kf3
g5 54. Bc3+ Kg8 55. Rg7+ Kf8 56. Rxg5 Ra4 57. Rxf5+ Ke7 58. Bb4+ Kd8 59. Ra5
Rxa5 60. Bxa5+ Kd7 61. Kg4 Ke6 62. Bb4 Kf6 63. Bc4 Kg6 64. a4 Kf6 65. a5 Ke5 66.
h4 Kd4 67. Bb5 Kd5 68. a6 {Black resigns} 1-0

[Event "Team 45 45 League T43"]
[Site "Internet Chess Club"]
[Date "2009.12.04"]
[Round "6"]
[White "rd00d"]
[Black "scottrugby"]
[Result "0-1"]
[WhiteElo "1448"]
[BlackElo "1530"]
[Opening "Sicilian: accelerated fianchetto, modern variation"]
[ECO "B34"]
[Time "22:00:36"]
[TimeControl "2700+45"]

1. e4 c5 2. Nf3 g6 3. d4 cxd4 4. Nxd4 Nc6 5. Nc3 Bg7 6. Be3 Nf6 7. Qd2 O-O 8.
Bh6 Bxh6 9. Qxh6 Nxd4 10. O-O-O Ng4 11. Qf4 Nxc2 12. Kxc2 d6 13. h3 Nf6 14. Be2
Qb6 15. g4 Be6 16. g5 Nd7 17. Bg4 Rac8 18. Qd2 Ne5 19. Kb1 Nc4 20. Qc1 f5 21.
gxf6 Bxg4 22. hxg4 Rxf6 23. Ka1 Rxf2 24. Nd5 Qd8 25. Qh6 Rf7 26. Nf4 Ne5 27. Ne6
Qd7 28. Ng5 Nxg4 29. Qh4 Nf2 30. Nxf7 Nxh1 31. Nh6+ Kg7 32. Rxh1 Rh8 33. Rg1 e6
34. Rf1 Rf8 35. Rxf8 Kxf8 36. Qf4+ Kg7 37. Ng4 Qe7 38. Qh6+ Kg8 39. Ne3 d5 40.
exd5 exd5 41. a3 d4 42. Nd5 Qd6 43. Nb4 Qe5 44. Qh1 a5 45. Qd5+ Qxd5 46. Nxd5 h5
47. Nf4 h4 48. Kb1 g5 49. Nh3 g4 50. Nf2 g3 51. Nh3 Kg7 52. Kc2 Kf6 53. Kd3 Kf5
54. Kxd4 Kg4 55. Ng1 h3 {White resigns} 0-1

[Event "Team 45 45 League T43"]
[Site "Internet Chess Club"]
[Date "2009.12.07"]
[Round "6"]
[White "Just-Jim"]
[Black "Jugurtha"]
[Result "0-1"]
[WhiteElo "1434"]
[BlackElo "1671"]
[Opening "French: Winawer, fingerslip variation"]
[ECO "C15"]
[Time "13:14:41"]
[TimeControl "2700+45"]

1. e4 e6 2. Nc3 d5 3. d4 Bb4 4. Bd2 Bxc3 5. Bxc3 dxe4 6. Ne2 Nf6 7. Ng3 Qd5 8.
b3 Qc6 9. Bc4 Nbd7 10. Bb2 b5 11. Be2 a5 12. O-O O-O 13. f3 exf3 14. Bxf3 Nd5
15. Qe2 Ba6 16. Rf2 Rfe8 17. Qd2 a4 18. Qg5 h6 19. Qh5 N7f6 20. Qh4 Qd6 21. Nh5
Nxh5 22. Qxh5 a3 23. Bc1 b4 24. Bxh6 gxh6 25. Bxd5 exd5 26. Qxf7+ Kh8 27. Rf6
Qf8 28. Qg6 Qg7 29. Qxh6+ Qxh6 30. Rxh6+ Kg7 31. Rh5 Re2 32. Rxd5 Rxg2+ 33. Kxg2
Bb7 34. Re1 Bxd5+ 35. Kg3 Rf8 36. Re7+ Rf7 37. Re5 c6 38. Re3 Kh6 39. c4 bxc3
40. Rxc3 Rg7+ 41. Kf4 Rg2 42. Rh3+ Kg6 43. Rg3+ Kf6 44. Rxg2 Bxg2 45. Ke3 Bd5
46. Kd2 Bxb3 47. Kc3 Bxa2 48. Kb4 Bd5 49. Kxa3 Kf5 50. Kb4 Kg4 51. Kc5 Kh3 52.
Kd6 Kxh2 53. Ke5 Kg3 54. Kd6 Kf4 55. Kc5 Ke4 56. Kb4 Kxd4 57. Ka3 c5 58. Kb2 Kd3
59. Kc1 c4 60. Kd1 c3 61. Kc1 c2 62. Kb2 Kd2 {White resigns} 0-1

[Event "Team 45 45 League T43"]
[Site "Internet Chess Club"]
[Date "2009.12.06"]
[Round "6"]
[White "Conjurer"]
[Black "Check101"]
[Result "1/2-1/2"]
[WhiteElo "1432"]
[BlackElo "1136"]
[Opening "Nimzo-Indian: 4.e3 O-O, 5.Bd3 d5"]
[ECO "E48"]
[Time "22:11:09"]
[TimeControl "2700+45"]

1. d4 Nf6 2. c4 e6 3. Nc3 Bb4 4. e3 O-O 5. Bd3 d5 6. Ne2 Nbd7 7. O-O c5 8. cxd5
Nxd5 9. Nxd5 exd5 10. Nf4 Nf6 11. Nh5 g6 12. Nf4 cxd4 13. exd4 Re8 14. Re1 Bxe1
15. Qf3 Bg4 16. Qg3 Ba5 17. Be3 Rc8 18. h3 Bd7 19. Rf1 Ne4 20. Bxe4 dxe4 21. d5
Bb5 22. Rd1 Bb6 23. Qg4 Bxe3 24. fxe3 Qb6 25. Qg3 Rc2 26. d6 Be2 27. Re1 Bd3 28.
Nd5 Qxb2 29. d7 Rd8 30. Qg5 Rxd7 31. Nf6+ Kg7 32. Nxd7 Qxa2 33. Qf6+ Kg8 34.
Qd8+ Kg7 35. Qf6+ Kh6 36. Qh4+ Kg7 37. Qf6+ {Game drawn by repetition} 1/2-1/2

[Event "Team 45 45 League T43"]
[Site "Internet Chess Club"]
[Date "2009.12.06"]
[Round "6"]
[White "medsurg"]
[Black "rookmaster23"]
[Result "0-1"]
[WhiteElo "1376"]
[BlackElo "1351"]
[Opening "Sicilian: closed"]
[ECO "B24"]
[Time "16:00:33"]
[TimeControl "2700+45"]

1. e4 c5 2. Nc3 Nc6 3. g3 g6 4. Bg2 Bg7 5. f4 e6 6. Nh3 Nge7 7. O-O O-O 8. d3 d5
9. e5 b6 10. Nb5 Ba6 11. a4 Qd7 12. c3 Nf5 13. Qe1 Nce7 14. g4 Nh6 15. g5 Nhf5
16. c4 Rad8 17. Be3 dxc4 18. dxc4 Qd3 19. Rf3 Qxc4 20. Nxa7 Nxe3 21. Rxe3 Nf5
22. b3 Qd4 23. Kf2 Nxe3 {White resigns} 0-1

[Event "Team 45 45 League T43"]
[Site "Internet Chess Club"]
[Date "2009.12.08"]
[Round "6"]
[White "MateIn42"]
[Black "mrmarck"]
[Result "0-1"]
[WhiteElo "1372"]
[BlackElo "1267"]
[Opening "Scandinavian (center counter) defense"]
[ECO "B01"]
[Time "20:00:51"]
[TimeControl "2700+45"]

1. e4 d5 2. exd5 Qxd5 3. Nc3 Qa5 4. d4 c6 5. Nf3 Bf5 6. g3 Nf6 7. Bg2 g6 8. O-O
Bg7 9. Re1 Qc7 10. Qe2 Be6 11. Bf4 Qd8 12. Ng5 Bf5 13. Rad1 h6 14. Nge4 O-O 15.
Nxf6+ exf6 16. d5 Qb6 17. dxc6 Nxc6 18. b3 Nd4 19. Qe3 Rfe8 20. Ne4 Rad8 21. Rd2
Bxe4 22. Bxe4 f5 23. c3 Rxe4 24. Qxe4 fxe4 25. cxd4 Qb4 26. Rxe4 Rf8 27. Rde2
Qb5 28. Rd2 Re8 29. Rxe8+ Qxe8 30. Kf1 Qb5+ 31. Ke1 g5 32. Be3 Qf5 33. Kd1 Qf3+
34. Kc2 Qc6+ 35. Kb2 a5 36. Kb1 b5 37. d5 Qc3 38. d6 Qa1+ 39. Kc2 Qxa2+ 40. Kd3
Qxb3+ 41. Ke4 Qe6+ 42. Kf3 Bf6 43. d7 Qc6+ 44. Ke2 Qc7 45. Bd4 Bxd4 46. Rxd4 Qd8
47. Kd3 Kf8 48. Rd5 a4 49. Ke4 a3 50. Rd3 a2 51. Rd1 b4 52. Ke5 Qxd7 53. Rxd7
a1=Q+ 54. Kf5 Qa2 55. Kf6 Qe6# {White checkmated} 0-1

[Event "Team 45 45 League T43"]
[Site "Internet Chess Club"]
[Date "2009.12.03"]
[Round "6"]
[White "BosqueVerde"]
[Black "Toalla"]
[Result "0-1"]
[WhiteElo "1181"]
[BlackElo "1156"]
[Opening "Grünfeld: Three knights variation"]
[ECO "D90"]
[Time "20:03:03"]
[TimeControl "2700+45"]

1. d4 Nf6 2. c4 g6 3. Nc3 Bg7 4. Nf3 d5 5. Qc2 c5 6. Bg5 O-O 7. e3 e6 8. cxd5
exd5 9. Be2 Bf5 10. Qb3 Qb6 11. Nb5 Nbd7 12. O-O Rfc8 13. Rac1 c4 14. Qa4 a6 15.
Nc3 Qxb2 16. h3 b5 17. Qa5 Bf8 18. Bxf6 Nxf6 19. Qb6 Bb4 20. Ne5 Be6 21. Nxd5
Nxd5 22. Bf3 Nxb6 23. Bxa8 Nxa8 24. Rb1 Qxb1 25. Rxb1 Ba5 26. g4 f6 27. Nf3 c3
{White resigns} 0-1

[Event "Team 45 45 League T43"]
[Site "Internet Chess Club"]
[Date "2009.12.05"]
[Round "6"]
[White "rubo"]
[Black "Matthew1814"]
[Result "1/2-1/2"]
[WhiteElo "1788"]
[BlackElo "1841"]
[Opening "Bird's opening"]
[ECO "A03"]
[Time "13:09:10"]
[TimeControl "2700+45"]

1. f4 d5 2. Nf3 e6 3. e3 Nf6 4. b3 Bd6 5. Bb2 O-O 6. Bd3 c5 7. O-O a6 8. Ne5 b5
9. Qf3 Nbd7 10. Nxd7 Bxd7 11. Qh3 e5 12. Qh4 e4 13. Be2 Be7 14. Qg3 Bf5 15. d3
d4 16. exd4 cxd4 17. dxe4 Nxe4 18. Qf3 Bc5 19. Bd3 Re8 20. Re1 Nd6 21. Nd2 Bxd3
22. Qxd3 Qd7 23. Nf3 Nf5 24. Re5 Rxe5 25. Nxe5 Qe6 26. Re1 f6 27. Nf3 Qd5 28.
Kf1 Rd8 29. Re4 Kf7 30. Ke2 h5 31. g3 Nd6 32. Rxd4 Bxd4 33. Qxd4 Qxd4 34. Nxd4
Kg6 35. Kf3 Re8 36. h3 Nf5 37. Nxf5 Kxf5 38. g4+ hxg4+ 39. hxg4+ Ke6 40. Bd4 Kd5
41. c3 Re1 42. a4 b4 43. Bf2 Rb1 44. c4+ Ke6 45. f5+ Ke5 46. Bg3+ Kd4 47. Bf2+
Kc3 48. c5 Kxb3 49. Be3 Rb2 50. a5 Ka4 51. g5 Kb5 52. gxf6 gxf6 53. Bd4 Rb1 54.
Bxf6 Kxc5 55. Be7+ Kd5 56. f6 b3 57. Ke2 Kc4 58. f7 Rb2+ 59. Ke1 Rb1+ 60. Ke2
Rb2+ {Game drawn by mutual agreement} 1/2-1/2

[Event "Team 45 45 League T43"]
[Site "Internet Chess Club"]
[Date "2009.12.05"]
[Round "6"]
[White "kidviper"]
[Black "rayngrant"]
[Result "1-0"]
[WhiteElo "1863"]
[BlackElo "1561"]
[Opening "French defense"]
[ECO "C00"]
[Time "10:00:13"]
[TimeControl "2700+45"]

1. e4 e6 2. Nf3 d5 3. exd5 exd5 4. d4 Bd6 5. Bd3 Ne7 6. O-O O-O 7. Bg5 f6 8. Bh4
Ng6 9. Bg3 Ne7 10. Bxd6 Qxd6 11. c3 Bf5 12. Re1 Bxd3 13. Qxd3 Nd7 14. Nbd2 Rae8
15. Re2 Ng6 16. g3 Kf7 17. Rae1 Rxe2 18. Qxe2 c5 19. dxc5 Nxc5 20. Nd4 Qd7 21.
N2b3 Re8 22. Qxe8+ {Black resigns} 1-0

[Event "Team 45 45 League T43"]
[Site "Internet Chess Club"]
[Date "2009.12.04"]
[Round "6"]
[White "quotha"]
[Black "kidcobra"]
[Result "0-1"]
[WhiteElo "1612"]
[BlackElo "1615"]
[Opening "Ruy Lopez: Cozio defense"]
[ECO "C60"]
[Time "13:04:34"]
[TimeControl "2700+45"]

1. e4 e5 2. Nf3 Nc6 3. Bb5 Nge7 4. O-O g6 5. d4 exd4 6. Nxd4 Bg7 7. c3 a6 8. Bc4
O-O 9. f4 d6 10. Be3 Bd7 11. Nd2 Re8 12. Qb3 Rf8 13. N2f3 Na5 14. Qb4 c5 {White
resigns} 0-1